 Dungeon Sprint DCSS version 0.21-a0-372-gd0ff781 (webtiles) character file.

2171 Kidiri the Thaumaturge (level 9, -1/54 HPs)
             Began as a Deep Elf Fire Elementalist on Oct 16, 2017.
             Was a Believer of Vehumet.
             Slain by a centaur warrior (15 damage)
             ... in the Dungeon (Sprint III: "The Ten Rune Challenge").
             The game lasted 00:05:18 (1152 turns).

Kidiri the Thaumaturge (Deep Elf Fire Elementalist) Turns: 1152, Time: 00:05:19

Health: -1/54      AC:  3    Str:  5    XL:     9   Next: 11%
Magic:  16/29      EV: 16    Int: 24    God:    Vehumet [**....]
Gold:   30         SH:  0    Dex: 13    Spells: 19/37 levels left

rFire    . . .     SeeInvis .   t - +0 dagger
rCold    . . .     Gourm    .   (no shield)
rNeg     . . .     Faith    .   a - +0 robe
rPois    .         Spirit   .   (no helmet)
rElec    +         Reflect  .   (no cloak)
rCorr    .         Harm     .   s - +0 pair of gloves
MR       +....     NoTele   +   (no boots)
Stlth    ++........             (no amulet)
HPRegen  0.18/turn              (no ring)
MPRegen  0.21/turn              (no ring)

@: no status effects
A: blink, clumsy 1, magic resistance 1, electricity resistance
a: Blink, Renounce Religion


You were in the Dungeon.
You worshipped Vehumet.
Vehumet was pleased with you.
You were not hungry.

You visited 1 branch You collected 30 gold pieces.

Inventory:

Hand Weapons
 t - a +0 dagger (weapon)
Armour
 a - a +0 robe (worn)
 s - a +0 pair of gloves (worn)
Wands
 u - a wand of lightning (1/15)
Scrolls
 k - 3 scrolls of immolation {unknown}
 l - a scroll of identify {unknown}
 m - 2 scrolls of remove curse
 o - a scroll of magic mapping {unknown}
Potions
 d - a potion of curing
 g - 2 potions of magic
 h - 2 potions of berserk rage
 j - a potion of might
 q - 2 potions of flight
 r - 2 potions of mutation
Comestibles
 c - a bread ration
 p - 2 royal jellies


   Skills:
 + Level 5.0 Fighting
 + Level 5.9 Short Blades
 + Level 5.1 Armour
 + Level 7.7 Dodging
 - Level 2.4 Stealth
 * Level 14.8 Spellcasting
 + Level 9.2 Conjurations
 + Level 9.9 Fire Magic


You had 19 spell levels left.
You knew the following spells:

 Your Spells              Type           Power        Failure   Level  Hunger
a - Flame Tongue          Conj/Fire      #####        1%          1    None
b - Throw Flame           Conj/Fire      ######       1%          2    None
c - Conjure Flame         Conj/Fire      ######..     1%          3    None
d - Inner Flame           Hex/Fire       #####...     1%          3    None
e - Sticky Flame          Conj/Fire      ######..     1%          4    None
f - Fireball              Conj/Fire      ######....   1%          5    ##.....


Dungeon Overview and Level Annotations

Branches:
Dungeon (1/1)

Altars:
Cheibriados
Dithmenos
Elyvilon
Fedhas
Gozag
Hepliaklqana
Kikubaaqudgha
Makhleb
Nemelex Xobeh
Okawaru
Qazlal
Ru
Sif Muna
Trog
Uskayaw
Vehumet
Wu Jian
Xom
Yredelemnul
Zin
The Shining One
Beogh
Jiyva
Lugonu

Annotations:
D exclusion: door


Innate Abilities, Weirdness & Mutations

You can translocate small distances at will.
You are clumsy. (Dex -2)
You are resistant to hostile enchantments. (MR+)
You are resistant to electric shocks. (rElec)


Message History

The centaur warrior is heavily wounded.
The centaur burns!
The centaur warrior burns!
The centaur burns!
You kill the centaur!
Vehumet accepts your kill.
Vehumet offers you knowledge of Mephitic Cloud.
You feel your power returning.
Your Fighting skill increases to level 5!
The centaur barely misses you. The centaur warrior barely misses you.
The centaur misses you. The centaur warrior hits you!
* * * LOW HITPOINT WARNING * * *
Casting: Flame Tongue
Confirm with . or Enter, or press ? or * to list all spells.
Aiming: Flame Tongue
Press: ? - help, Shift-Dir - straight line, f/p - centaur warrior
Aim: a centaur warrior (heavily wounded, covered in liquid flames)
The flame tongue misses the centaur warrior.
The centaur burns!
The centaur warrior burns!
The centaur warrior stops burning.
The centaur closely misses you. The centaur warrior hits you!
You die...

####### ___#__#
__)#[_# +###+##
......# ......#
#####'#
__#...#+#############
__#...#..≈§≈'.#.@c).+
__#...#.#§≈§#§#.#c..#
__#...'.#§§.#§#.#...#
__+...#.#§§.#...#...#
▓▓▓▓▓▓▓▓▓▓▓▓▓▓▓▓▓▓▓▓#


You could see a centaur warrior and a centaur (burning).

Vanquished Creatures
  Snorg (D)
  A deep elf mage (D)
  A shadow (D)
  A spatial vortex (D)
  A necrophage (D)
  A centaur (D)
  A water elemental (D)
  A scorpion (D)
  A jelly (D)
  A wizard (D)
  A necromancer (D)
  3 humans (D)
  A kobold demonologist (D)
  2 oozes (D)
  2 rats (D)
19 creatures vanquished.

Vanquished Creatures (others)
  2 draconian scorchers (D)
  6 hellions (D)
  2 yaktaurs (D)
  2 plants (D)
12 creatures vanquished.

Grand Total: 31 creatures vanquished

Notes
Turn   | Place    | Note
-------+----------+-------------------------------------------
     0 | D        | Kidiri the Deep Elf Fire Elementalist began the quest for the Orb.
     0 | D        | Reached XP level 1. HP: 10/10 MP: 6/6
     3 | D        | Reached skill level 4 in Spellcasting
    35 | D        | Reached XP level 2. HP: 15/15 MP: 4/9
    39 | D        | Learned a level 2 spell: Throw Flame
    69 | D        | Killed a hellion
    83 | D        | Reached skill level 5 in Spellcasting
    88 | D        | Killed a hellion
   104 | D        | Killed a hellion
   104 | D        | Killed a hellion
   105 | D        | Killed a hellion
   121 | D        | Noticed a scorpion
   128 | D        | Killed a scorpion
   128 | D        | Reached skill level 7 in Spellcasting
   128 | D        | Reached skill level 5 in Fire Magic
   128 | D        | Reached XP level 3. HP: 19/19 MP: 4/14
   150 | D        | Gained mutation: You are frail. (-10% HP) [potion of mutation]
   150 | D        | Gained mutation: You are resistant to hostile enchantments. (MR+) [potion of mutation]
   151 | D        | Lost mutation: You are frail. (-10% HP) [potion of mutation]
   151 | D        | Lost mutation: You are resistant to hostile enchantments. (MR+) [potion of mutation]
   151 | D        | Gained mutation: You are resistant to electric shocks. (rElec) [potion of mutation]
   151 | D        | Gained mutation: Potions are less effective at restoring your health. [potion of mutation]
   151 | D        | Gained mutation: Your muscles are strong. (Str +2) [potion of mutation]
   152 | D        | Lost mutation: Your muscles are strong. (Str +2) [potion of mutation]
   152 | D        | Lost mutation: Potions are less effective at restoring your health. [potion of mutation]
   152 | D        | Gained mutation: Armour fits poorly on your strangely shaped body. [potion of mutation]
   152 | D        | Gained mutation: Your spells are a little easier to cast, but a little less powerful. [potion of mutation]
   152 | D        | Gained mutation: You passively map a small area around you. [potion of mutation]
   152 | D        | Gained mutation: You are covered in fur. (AC +1) [potion of mutation]
   153 | D        | Lost mutation: Armour fits poorly on your strangely shaped body. [potion of mutation]
   153 | D        | Lost mutation: Your spells are a little easier to cast, but a little less powerful. [potion of mutation]
   153 | D        | Lost mutation: You are covered in fur. (AC +1) [potion of mutation]
   153 | D        | Lost mutation: You passively map a small area around you. [potion of mutation]
   153 | D        | Gained mutation: You can translocate small distances at will. [potion of mutation]
   153 | D        | Gained mutation: You are clumsy. (Dex -2) [potion of mutation]
   153 | D        | Gained mutation: You are resistant to hostile enchantments. (MR+) [potion of mutation]
   169 | D        | Killed a white draconian scorcher
   183 | D        | Killed a white draconian scorcher
   198 | D        | Learned a level 3 spell: Conjure Flame
   202 | D        | Learned a level 3 spell: Inner Flame
   211 | D        | Reached skill level 8 in Spellcasting
   211 | D        | Reached XP level 4. HP: 24/24 MP: 11/16
   214 | D        | Killed a hellion
   219 | D        | Learned a level 4 spell: Sticky Flame
   223 | D        | Killed a yaktaur
   243 | D        | Noticed a water elemental
   246 | D        | Killed a water elemental
   246 | D        | Reached skill level 9 in Spellcasting
   246 | D        | Reached skill level 5 in Conjurations
   246 | D        | Reached XP level 5. HP: 28/28 MP: 11/19
   292 | D        | Found a radiant altar of Vehumet.
   293 | D        | Found a deep blue altar of Sif Muna.
   293 | D        | Found an ancient bone altar of Kikubaaqudgha.
   294 | D        | Reached skill level 10 in Spellcasting
   306 | D        | Learned a level 5 spell: Fireball
   310 | D        | Became a worshipper of Vehumet
   393 | D        | Found a glowing silver altar of Zin.
   394 | D        | Found a glowing golden altar of the Shining One.
   394 | D        | Found a white marble altar of Elyvilon.
   394 | D        | Noticed a deep elf mage
   403 | D        | Killed a deep elf mage
   403 | D        | Reached skill level 5 in Dodging
   403 | D        | Reached skill level 12 in Spellcasting
   403 | D        | Reached XP level 6. HP: 35/36 MP: 17/23
   403 | D        | Reached XP level 7. HP: 39/40 MP: 17/24
   440 | D        | Found an ornate altar of the Wu Jian Council.
   440 | D        | Found a roughly hewn altar of Beogh.
   440 | D        | Found an iron altar of Okawaru.
   440 | D        | Found a bloodstained altar of Trog.
   440 | D        | Found a hide-covered altar of Uskayaw.
   440 | D        | Noticed a human
   440 | D        | Noticed a human
   444 | D        | Killed a human
   444 | D        | Killed a human
   444 | D        | Reached * piety under Vehumet
   444 | D        | Offered knowledge of Freeze by Vehumet.
   444 | D        | Reached skill level 13 in Spellcasting
   534 | D        | Found a basalt altar of Yredelemnul.
   534 | D        | Found a shadowy altar of Dithmenos.
   534 | D        | Found a sacrificial altar of Ru.
   707 | D        | Noticed a shadow
   710 | D        | Killed a shadow
   710 | D        | Reached XP level 8. HP: 36/47 MP: 19/27
   713 | D        | Reached ** piety under Vehumet
   713 | D        | Offered knowledge of Magic Dart by Vehumet.
   738 | D        | Killed a yaktaur
   781 | D        | Found a blossoming altar of Fedhas.
   781 | D        | Found a stormy altar of Qazlal.
   781 | D        | Found a snail-covered altar of Cheibriados.
   781 | D        | Found a burning altar of Makhleb.
   781 | D        | Found a shimmering altar of Xom.
   782 | D        | Found a hazy altar of Hepliaklqana.
   782 | D        | Found an opulent altar of Gozag.
   782 | D        | Found a sparkling altar of Nemelex Xobeh.
   782 | D        | Found a corrupted altar of Lugonu.
   782 | D        | Found a viscous altar of Jiyva.
   895 | D        | Noticed Snorg
   938 | D        | Killed Snorg
   938 | D        | Reached skill level 5 in Short Blades
   938 | D        | Reached skill level 5 in Armour
   938 | D        | Reached skill level 14 in Spellcasting
   938 | D        | Reached XP level 9. HP: 42/53 MP: 6/29
  1146 | D        | Noticed a centaur warrior
  1151 | D        | Offered knowledge of Mephitic Cloud by Vehumet.
  1151 | D        | Reached skill level 5 in Fighting
  1152 | D        | Slain by a centaur warrior

Vault maps used:
D:        dungeon_sprint_mu

Skill      XL: |  1  2  3  4  5  6  7  8  9 |
---------------+----------------------------+-----
Spellcasting   | 4 7 8 9 12 13 14 | 14.8
Conjurations   | 2 4 5 7 8 9 |  9.2
Fire Magic     | 4 5 6 8 9 |  9.9
Fighting       | 2 3 4 5 |  5.0
Short Blades   | 3 4 5 |  5.9
Armour         | 3 4 5 |  5.1
Dodging        | 5 6 7 |  7.7
Stealth        | |  2.4

Action                   |  1- 3 |  4- 6 |  7- 9 || total
-------------------------+-------+-------+-------++-------
Melee: Dagger            |       |     1 |     1 ||     2
 Cast: Flame Tongue      |    13 |     5 |    39 ||    57
       Throw Flame       |     2 |       |       ||     2
       Conjure Flame     |       |     1 |     3 ||     4
       Sticky Flame      |       |     3 |     5 ||     8
       Fireball          |       |       |     5 ||     5
       Inner Flame       |       |       |     2 ||     2
 Abil: Blink             |       |       |     1 ||     1
  Use: Potion            |     4 |       |     3 ||     7
       Scroll            |       |       |     2 ||     2
 Stab: Sleeping          |       |     1 |       ||     1
  Eat: Fruit             |       |       |     2 ||     2
Dodge: Dodged            |     1 |     3 |    16 ||    20

Table legend:
 A = Spawn XP
 B = Non-spawn XP
 C = Spawn XP percentage of total XP
 D = Spawn monster count
 E = Non-spawn monster count
 F = Spawn count percentage of total count
 G = Total turns spent on level
                    A         B        C        D         E        F      G
               +---------+---------+-------+---------+---------+-------+---------
         Total |       0 |    3102 |   0.0 |       0 |      19 |   0.0 |  1152
               +---------+---------+-------+---------+---------+-------+---------
             D |       0 |    3102 |   0.0 |       0 |      19 |   0.0 |  1152
               +---------+---------+-------+---------+---------+-------+---------
